 Dungeon Crawl Stone Soup version 0.25-b1-23-ge2ad7d536c (webtiles) character file.

Game seed: 3614180488295891747, levelgen mode: deterministic

37 Esekla the Gusty (level 3, -7/27 (28) HPs)
             Began as a Ghoul Air Elementalist on May 31, 2020.
             Mangled by a gnoll
             ... wielding a +0 whip
              (10 damage)
             ... on level 1 of the Dungeon.
             The game lasted 00:07:40 (1577 turns).

Esekla the Gusty (Ghoul Air Elementalist)           Turns: 1577, Time: 00:07:40

HP:   -7/27 (28)    AC:  5    Str: 12    XL:     3   Next: 41%
MP:   4/4           EV: 12    Int: 10    God:
Gold: 119           SH:  0    Dex:  9    Spells: 4/5 levels left

rFire    . . .     SeeInvis .     - Unarmed
rCold    + . .     Gourm    .   (no shield)
rNeg     + + +     Faith    .   a - +0 robe
rPois    ∞         Spirit   .   g - +2 helmet
rElec    .         Reflect  .   (no cloak)
rCorr    .         Harm     .   (no gloves)
MR       .....                  (no boots)
Stlth    ++........             (no amulet)
HPRegen  0.00/turn              (no ring)
MPRegen  0.09/turn              (no ring)

@: rotting
A: rotting body, claws 1, carnivore, cold resistance 1, negative energy
resistance 3, inhibited regeneration, torment resistance, unbreathing
a: no special abilities


You were on level 1 of the Dungeon.
You were not hungry.

You visited 1 branch of the dungeon, and saw 2 of its levels.

You collected 119 gold pieces.

Inventory:

Armour
 a - a +0 robe (worn)
 g - a +2 helmet (worn)
Scrolls
 e - a scroll of blinking {unknown}
 i - a scroll of remove curse
Potions
 b - a potion of cancellation {unknown}
 d - a potion of curing {unknown}
 f - a potion of heal wounds {unknown}
Comestibles
 c - 3 rations


   Skills:
 * Level 1.5 Fighting
 + Level 2.1 Dodging
 - Level 2.1 Stealth
 * Level 2.2 Unarmed Combat
 - Level 1.7 Spellcasting
 - Level 0.7 Conjurations
 - Level 2.4 Air Magic


You had 4 spell levels left.
You knew the following spells:

 Your Spells              Type           Power        Failure   Level  Hunger
a - Shock                 Conj/Air       #...         17%         1    ##.....

Your spell library contained the following spells:

 Spells                   Type           Power        Failure   Level  Hunger
 Swiftness                Chrm/Air       #.......     30%         2    ###....
 Static Discharge         Conj/Air       #.......     45%         3    ####...
 Airstrike                Air            #.........   75%         4    #####..
 Lightning Bolt           Conj/Air       #.........   99%         5    ######.


Dungeon Overview and Level Annotations

Branches:
Dungeon (2/15)

Altars:


Innate Abilities, Weirdness & Mutations

Your body is rotting away.
You thrive on raw meat.
You are immune to poison.
You have sharp fingernails.
You are carnivorous and can eat meat at any time.
Your flesh is cold resistant. (rC+)
You are immune to negative energy. (rN+++)
You do not regenerate when monsters are visible.
You are immune to unholy pain and torment.
You can survive without breathing.


Message History

You climb upwards.
There is a stone staircase leading down here.
You scratch the gnoll.
The gnoll is moderately wounded.
The gnoll hits you with a +0 whip.
You barely miss the gnoll.
The gnoll is moderately wounded.
The gnoll hits you with a +0 whip!
* * * LOW HITPOINT WARNING * * *
You scratch the gnoll.
The gnoll is heavily wounded.
The gnoll hits you with a +0 whip.
* * * LOW HITPOINT WARNING * * *
You scratch the gnoll but do no damage.
The gnoll is heavily wounded.
The gnoll misses you.
You scratch the gnoll.
The gnoll is severely wounded.
The gnoll hits you with a +0 whip!
You die...

.....###.....# #...###...
.............###########.........
.....###...................###.#.
##.#.###.....############.## #.#.
#............############.# #.#.
#..#......................####.#.
#..#######..############.........
#..# ####..############..####.#.
...####.........@g...............
.÷..(.(.....##################...
#######.###.# #... #.# #.## #...
#.# #..# #.>. #######.# ##.#
#####... ##......# #.# #.......
##.####### #.# #.####..
....####.###.# #.# #..


You could see a gnoll.

Vanquished Creatures
  A gnoll (D:1)
  A giant cockroach (D:1)
  2 goblins (D:1)
  A hobgoblin (D:1)
  6 jackals (D:1)
  2 ball pythons (D:1)
  3 bats
  A frilled lizard (D:1)
  6 kobolds (D:1)
  4 rats (D:1)
27 creatures vanquished.

Notes
Turn   | Place    | Note
-------+----------+-------------------------------------------
     0 | D:1      | Esekla the Ghoul Air Elementalist began the quest for the
                  | Orb.
     0 | D:1      | Reached XP level 1. HP: 14/14 MP: 2/2
   560 | D:1      | Reached skill level 1 in Fighting
   560 | D:1      | Reached XP level 2. HP: 23/23 MP: 3/3
   618 | D:1      | Reached skill level 1 in Unarmed Combat
   989 | D:1      | Reached XP level 3. HP: 22/28 MP: 0/4
  1577 | D:1      | Mangled by a gnoll

Illustrated notes

Levels and vault maps discovered:
D:1:      moated_graveyard_arrival, layout_loops_ring, hangedman_decor_growths
D:2:      layout_loops_corners, first_ration, minmay_cut_off

Skill      XL: |  1  2  3 |
---------------+----------+-----
Fighting       | 1 |  1.5
Dodging        | 2 |  2.1
Unarmed Combat | 1 2 |  2.2
Stealth        | |  2.1
Spellcasting   | |  1.7
Conjurations   | |  0.7
Air Magic      | |  2.4

Action                   || total
-------------------------++-------
Melee: Unarmed           ||   129
 Cast: Shock             ||     6
  Use: Scroll            ||     1
 Stab: Sleeping          ||     4
  Eat: Chunk             ||    10
Armor: Robe              ||    42
Dodge: Dodged            ||    73
